 Dungeon Crawl Stone Soup version 0.28.0-45-g0d030f2227 (webtiles) character file.

Game seed: 14469089683053235785

80 croobank the Shield-Bearer (level 4, -2/40 HPs)
             Began as a Minotaur Fighter on Apr 16, 2022.
             Slain by an orc
             ... wielding a +0 flail
              (7 damage)
             ... on level 3 of the Dungeon.
             The game lasted 00:04:02 (2031 turns).

croobank the Shield-Bearer (Minotaur Fighter)       Turns: 2031, Time: 00:04:04

Health: -2/40      AC:  7    Str: 18    XL:     4   Next: 18%
Magic:  3/3        EV:  5    Int: 13    God:
Gold:   106        SH:  0    Dex: 15    Spells: 3/3 levels left

rFire   + . .      SeeInvis .   a - +0 war axe
rCold   . . .      Faith    .   p - +0 tower shield of the Slorg {Regen+ Str-5 Int+8 Stlth-}
rNeg    . . .      Spirit   .   b - +0 scale mail
rPois   .          Reflect  .   (helmet restricted)
rElec   .          Harm     .   (no cloak)
rCorr   .          Rampage  .   (no gloves)
Will    .....                   (no boots)
Stlth   ..........              (no amulet)
HPRegen 0.93/turn               l - +6 ring of dexterity
MPRegen 0.08/turn               h - ring of protection from fire

@: confused
A: horns 2, retaliatory headbutt
a: no special abilities


You were on level 3 of the Dungeon.
You visited 1 branch of the dungeon, and saw 3 of its levels.

You collected 106 gold pieces.

Inventory:

Hand Weapons
 a - a +0 war axe (weapon)
Missiles
 e - 22 stones (quivered)
 f - 3 boomerangs
 m - 45 bolts
 n - 23 arrows
Armour
 b - a +0 scale mail (worn)
 c - a +0 buckler
 p - the +0 tower shield of the Slorg (worn) {Regen+ Str-5 Int+8 Stlth-}
   (You found it on level 2 of the Dungeon)

   Str:       It affects your strength (-5).
   Int:       It affects your intelligence (+8).
   Regen:     It increases your rate of health regeneration.
   Stlth:     It makes you less stealthy.
Jewellery
 h - a ring of protection from fire (right hand)
 l - a +6 ring of dexterity (left hand)
Scrolls
 g - 2 scrolls of teleportation {unknown}
 j - a scroll of vulnerability {unknown}
 k - a scroll of fog {unknown}
 o - 2 scrolls of enchant armour {unknown}
 q - a scroll of noise {unknown}
 s - a scroll of magic mapping {unknown}
Potions
 d - a potion of might


   Skills:
 + Level 4.3 Fighting
 + Level 3.3 Axes
 + Level 4.2 Armour
 * Level 4.5 Shields


You had 3 spell levels left.
You didn't know any spells.
Your spell library contained the following spells:

 Spells                   Type           Power      Damage    Failure   Level
 Tukima's Dance           Hex            0%         N/A       100%        3
 Anguish                  Hex/Necr       0%         N/A       100%        4
 Enfeeble                 Hex            0%         N/A       100%        7


Dungeon Overview and Level Annotations

Branches:
Dungeon (3/15)

Altars:
Elyvilon


Innate Abilities, Weirdness & Mutations

You have a pair of horns on your head.
You reflexively headbutt those who attack you in melee.


Message History

The orc priest mumbles some strange prayers to Beogh against you.
You barely resist. Something hits you.
You're too confused to move!
The orc hits you but does no damage. The orc priest completely misses you.
The orc wizard barely misses you. Something hits you but does no damage.
You hear some strange, mumbled words.
You are more confused.
You miss the orc wizard. Your headbutt misses the orc wizard. You hit the orc.
You completely miss something. The orc hits you with a +0 flail.
The orc priest calls down the wrath of Beogh upon you.
Beogh smites you!
* * * LOW HITPOINT WARNING * * *
The orc wizard hits you with a +0 dagger.
* * * LOW HITPOINT WARNING * * *
An orc comes into view. It is wielding a +0 club.
Something hits you.
* * * LOW HITPOINT WARNING * * *
The orc hits you with a +0 flail.
* * * LOW HITPOINT WARNING * * *
The orc priest looks encouraged for a moment.
The orc wizard gestures at you while chanting.
You are more confused.
The orc shouts!
You are too confused!
It was a potion of curing.
You feel better. Something hits you.
* * * LOW HITPOINT WARNING * * *
The orc hits you with a +0 flail.
* * * LOW HITPOINT WARNING * * *
The orc wizard closely misses you.
You feel better. Something hits you but does no damage.
You block the orc's attack. x2; You block the orc priest's attack.
The orc wizard points at you and mumbles some strange words.
You are confused.
You closely miss the orc priest. You hit the orc wizard.
You hit something but do no damage. You miss the orc.
Something hits you but does no damage.
The orc hits you from afar with a +0 trident.
* * * LOW HITPOINT WARNING * * *
The orc hits you with a +0 flail!
You die...

.........................
..#...†.......##.........
..#...........##.........
.........................
...#............#......#.
..............###..######
..##....................#
........................#
.###. .......@o......#
.###. .....go.o......#
..... .......oo......#
..... ......#o########
..... .##....o. .....
#....... ..... .........
..... .......... .....
......


You could see an orc priest, an orc wizard, 5 orcs and a goblin.

Vanquished Creatures
  A jelly (D:3)
  An adder (D:3)
  A worm (D:3)
  4 ball pythons
  4 bats
  3 endoplasms
  A giant cockroach (D:1)
  4 goblins
  3 hobgoblins
  2 jackals (D:1)
  3 quokkas
  2 kobolds
  6 rats
35 creatures vanquished.

Notes
Turn   | Place    | Note
-------+----------+-------------------------------------------
     0 | D:1      | croobank the Minotaur Fighter began the quest for the Orb.
     0 | D:1      | Reached XP level 1. HP: 19/19 MP: 0/0
   285 | D:1      | Reached XP level 2. HP: 26/27 MP: 1/1
   598 | D:1      | Found a faded altar of an unknown god.
  1152 | D:2      | Identified the +0 tower shield of the Slorg {Regen+ Str-5
                  | Int+8 Stlth-}
  1532 | D:2      | Found a white marble altar of Elyvilon.
  1630 | D:2      | Reached XP level 3. HP: 33/33 MP: 2/2
  2001 | D:3      | Reached XP level 4. HP: 40/40 MP: 3/3
  2028 | D:3      | HP: 1/40 [orc/+0 flail (4)]
  2031 | D:3      | Slain by an orc

Illustrated notes

Levels and vault maps discovered:
D:1:      onia_arrival_mini_maze_b, layout_basic,
          ebering_ecumenical_altar_abandoned
D:2:      layout_loops_ring, basic_altar, patterned_corridor
D:3:      layout_rooms, gammafunk_ghost_gnarly_gnolls, grunt_ministairs_1,
          nrook_loot_triangle

Skill      XL: |  1  2 |
---------------+-------+-----
Fighting       | 4 |  4.3
Shields        | 4 |  4.5
Armour         | 4 |  4.2
Axes           | 3 |  3.3

Action                   |  1- 3 |  4- 6 || total
-------------------------+-------+-------++-------
Melee: War axe           |    75 |     3 ||    78
       Headbutt          |    12 |       ||    12
  Use: Potion            |       |     3 ||     3
Armor: Scale mail        |    49 |     5 ||    54
Dodge: Dodged            |    32 |     4 ||    36
Block: Buckler           |     9 |       ||     9
       Tower shield      |    14 |     3 ||    17
